 Dungeon Crawl Stone Soup version 0.18-a0-183-gad09a0e (webtiles) character file.

116750 Raultor the Unseen (level 16, -10/84 HPs)
             Began as a Vine Stalker Assassin on Nov 23, 2015.
             Was the Champion of Zin.
             Mangled by a sea snake (16 damage)
             ... on level 2 of the Snake Pit.
             The game lasted 01:56:58 (21612 turns).

Raultor the Unseen (Vine Stalker Assassin)         Turns: 21612, Time: 01:56:58

Health: -10/84     AC: 11    Str: 23    XL:     16   Next: 72%
Magic:  0/15       EV: 25    Int: 15    God:    Zin [******]
Gold:   1043       SH: 10    Dex: 28    Spells: 4 memorised, 3 levels left

rFire  . . .     SeeInvis +     a - +3 quick blade
rCold  . . .     Clarity  .     v - +1 robe of Impuxku {rElec rN++ SInv Stlth+}
rNeg   + + .     SustAt   .     d - +3 buckler of the Depths {MP-9 Str+6}
rPois  ∞         Gourm    .     (no helmet)
rElec  +         Spirit   +     Y - +2 cloak {+Inv}
rCorr  .         Warding  .     m - +2 pair of gloves {Dex+3}
rMut   .         Stasis   .     y - +1 pair of boots
MR     +++..                    I - amulet of regeneration
Stlth  +++++++++.               T - ring of protection from magic
                                W - ring of stealth

@: vitalised, about to teleport, very slightly contaminated, invisible,
extremely resistant to hostile enchantments, incredibly stealthy
A: fangs 3, regeneration 3, magic shield, antimagic bite, no device heal 3, rot
immunity, subdued magic 1
a: Recite, Vitalisation, Imprison, Sanctuary, Donate Gold, Cure All Mutations,
Renounce Religion, Turn Visible


You were on level 2 of the Snake Pit.
You worshipped Zin.
Zin was exalted by your worship.
You were very hungry.

You visited 4 branches of the dungeon, and saw 24 of its levels.
You also visited: Sewer and Ice Cave.

You collected 1878 gold pieces.
You spent 659 gold pieces at shops.
You donated 176 gold pieces to Zin.

Inventory:

Hand Weapons
 a - a +3 quick blade (weapon)
 b - a +0 blowgun
Missiles
 e - 57 poisoned needles
 f - 4 curare-tipped needles
 r - 7 needles of paralysis
 B - 3 throwing nets (quivered)
Armour
 d - the +3 buckler of the Depths (worn) {MP-9 Str+6}
   (You acquired it on level 8 of the Lair of Beasts)

   It affects your strength (+6).
   It affects your magic capacity (-9).
 j - a +2 cloak of magic resistance
 m - a +2 pair of gloves of dexterity (worn)
 v - the +1 robe of Impuxku (worn) {rElec rN++ SInv Stlth+}
   (You bought it in a shop on level 11 of the Dungeon)

   It insulates you from electricity.
   It greatly protects you from negative energy.
   It lets you see invisible.
   It makes you more stealthy.
 y - a +1 pair of boots (worn)
 Y - a +2 cloak of invisibility (worn)
Jewellery
 s - an uncursed ring of protection from cold
 t - an uncursed ring of see invisible
 I - an amulet of regeneration (around neck)
 T - a ring of protection from magic (right hand)
 V - an uncursed ring of invisibility
 W - a ring of stealth (left hand)
Wands
 l - a wand of fire (15)
 C - a wand of digging (11)
 L - a wand of hasting (3)
 Z - a wand of paralysis (3)
Scrolls
 c - 2 scrolls of fog
 h - 4 scrolls of fear
 i - 5 scrolls of magic mapping
 k - 3 scrolls of amnesia
 o - 3 scrolls of enchant armour
 p - 11 scrolls of remove curse
 q - 12 scrolls of identify
 w - 10 scrolls of teleportation
 z - a scroll of torment {unknown}
 K - a scroll of recharging
 Q - 2 scrolls of enchant weapon
Potions
 u - a potion of brilliance
 A - 8 potions of curing
 D - 2 potions of agility
 E - a potion of might
 F - a potion of cancellation
 J - a potion of cure mutation
 N - 4 potions of invisibility
 P - 2 potions of flight
 X - 3 potions of haste
Books
 x - a book of Air

   Spells                             Type                      Level
   a - Shock                          Conjuration/Air              1
   b - Swiftness                      Charms/Air                   2
   c - Repel Missiles                 Charms/Air                   2
   d - Static Discharge               Conjuration/Air              3
   e - Lightning Bolt                 Conjuration/Air              5
 G - a book of Burglary

   Spells                             Type                      Level
   a - Swiftness                      Charms/Air                   2
   b - Passwall                       Transmutation/Earth          3
   c - Passage of Golubria            Translocation                4
   d - Lee's Rapid Deconstruction     Earth                        5
   e - Darkness                       Hexes                        6
   f - Invisibility                   Hexes                        6
Comestibles
 g - 16 bread rations
 n - 49 fruits
 H - 17 royal jellies
 M - 11 meat rations
 S - 5 slices of pizza


   Skills:
 + Level 9.6 Fighting
 + Level 9.1 Short Blades
 - Level 1.9 Throwing
 + Level 11.0 Dodging
 + Level 17.2 Stealth
 - Level 4.9 Shields
 - Level 4.6 Conjurations
 - Level 4.9 Air Magic
 - Level 4.6 Poison Magic
 * Level 9.4 Invocations
 - Level 8.5 Evocations


You had 3 spell levels left.
You knew the following spells:

 Your Spells              Type           Power        Failure   Level  Hunger
a - Mephitic Cloud        Conj/Pois/Air  #.......     7%          3    ####...
b - Cure Poison           Pois           #.........   3%          2    ###....
c - Venom Bolt            Conj/Pois      #.........   86%         5    ######.
d - Repel Missiles        Chrm/Air       #.....       9%          2    ###....


Dungeon Overview and Level Annotations

Branches:
Dungeon (12/15)            Temple (1/1) D:4            Lair (8/8) D:11
  Swamp (0/4) Lair:6        Snake (3/4) Lair:5          Orc (0/4) D:11
  Slime: Lair:6-8

Altars:
Ashenzari
Cheibriados
Dithmenos
Elyvilon
Kikubaaqudgha
Makhleb
Nemelex Xobeh
Okawaru
Qazlal
Sif Muna
Trog
Vehumet
Xom
Yredelemnul
Zin
The Shining One

Shops:
D:5 !   D:7 (   D:11 ([

Annotations:
D:10 Gastronok; Sonja; axujen's ghost, novice MfIE
Lair:7 exclusion: 2 oklob plants
Snake:3 Vashnia


Innate Abilities, Weirdness & Mutations

You have razor-sharp teeth.
You regenerate.
When hurt, damage is shared between your health and your magic reserves.
Your bite disrupts and absorbs the magic of your enemies.
Potions and wands cannot restore your health.
You are immune to rotting.
Your spells are a little easier to cast, but a little less powerful.


Message History

* * * LOW HITPOINT WARNING * * *
You block the sea snake's attack. The sea snake misses you.
The naga mage barely misses the sea snake.
The sea snake hisses angrily.
You hit the naga. You bite the naga, but do no damage.
The naga is heavily wounded.
You hit the naga. You bite the naga, but do no damage.
The naga is severely wounded.
The sea snake misses you.
The guardian serpent casts a spell.
You catch the helpless naga completely off-guard!
You skewer the naga like a kebab!!!
You kill the naga!
The sea snake bites you!
* * * LOW HITPOINT WARNING * * *
Your divine stamina protects you from poison!
You puncture the black mamba! Your bite misses the black mamba.
The black mamba is almost dead.
The sea snake bites you!
You die...

#..## ##..# ### ##
#..# #..# #.#
.###.## #.## #.#
..#### #.## #.# ..#
##..# #.# .##
####...## #.# .#
##......S## #.# .#
#....###NS###.# .##
##.^..# ##@SS.##
..## ##....## ##S.##
#..###.....# ####
##(.....(..##
##....##...#
##..#####..######
##....###........##
...............##.##
#....#####....####.#


You could see 2 sea snakes, 2 guardian serpents, a black mamba (wandering) and a
naga mage (confused).

Vanquished Creatures
  Rupert (Lair:7)
  Frances (Snake:2)
  Maud (D:12)
  The ghost of McCoppin the Grappler, a journeyman TrMo of Ru (Lair:7)
  A fire dragon (Lair:8)
  6 hydras
  4 naga warriors
  An anaconda (Snake:1)
  A queen ant (Lair:3)
  4 shock serpents
  5 naga sharpshooters
  A sea snake (Snake:2)
  An unseen horror (D:10)
  2 hill giants
  A naga ritualist (Snake:2)
  An ugly thing (D:11)
  A cyclops (D:12)
  3 mana vipers
  A wolf spider (Lair:8)
  2 hornets (Lair:8)
  2 griffons
  19 elephants
  5 naga magi
  25 black mambas
  2 guardian serpents
  A torpor snail (Lair:7)
  19 spiny frogs
  A gargoyle (D:11)
  13 komodo dragons
  3 fire drakes
  2 two-headed ogres
  A queen bee (Lair:3)
  A troll (D:10)
  2 polar bears
  6 blink frogs
  49 yaks
  2 redbacks (Lair:8)
  8 hippogriffs
  7 basilisks
  6 wyverns
  3 steam dragons
  A mottled dragon (Lair:8)
  13 wolves
  15 nagas
  10 porcupines
  5 soldier ants (Lair:3)
  4 orc warriors
  23 water moccasins
  4 swamp drakes
  9 ice beasts (D:11)
  8 centaurs
  7 ogres
  3 phantoms
  A black bear (D:8)
  2 sky beasts
  7 wasps
  5 big kobolds
  18 crocodiles
  20 giant frogs
  A wyvern skeleton (D:9)
  6 scorpions
  4 wights (D:9)
  38 killer bees
  4 crimson imps
  A giant frog zombie (D:8)
  3 hounds
  4 centaur skeletons
  3 giant frog skeletons
  6 orc wizards
  4 centaur zombies
  6 orc priests
  15 iguanas
  Natasha (twice) (D:3)
  19 worker ants
  A killer bee zombie (D:7)
  24 sheep
  A hound zombie (D:7)
  A worker ant zombie (D:8)
  A hound skeleton (D:6)
  23 adders
  A gnoll (D:11)
  39 river rats
  2 shadow imps
  2 oozes
  A worm (D:2)
  8 giant geckos
  34 orcs
  9 bats
  8 giant cockroaches
  3 goblins
  2 hobgoblins
  6 jackals
  16 kobolds
  4 quokkas
  A ball python (D:2)
  A giant gecko zombie (D:7)
  A giant newt (D:1)
  15 rats
  A plant (Lair:8)
692 creatures vanquished.

Vanquished Creatures (others)
  An iguana (Lair:8)
  5 fungi
  7 plants
13 creatures vanquished.

Grand Total: 705 creatures vanquished

Notes
Turn   | Place    | Note
--------------------------------------------------------------
     0 | D:1      | Raultor the Vine Stalker Assassin began the quest for the Orb.
     0 | D:1      | Reached XP level 1. HP: 11/11 MP: 2/2
   131 | D:1      | Reached skill level 5 in Stealth
   215 | D:1      | Reached XP level 2. HP: 13/15 MP: 3/3
   648 | D:1      | Reached skill level 1 in Dodging
   968 | D:2      | Found a basalt altar of Yredelemnul.
   992 | D:2      | Reached XP level 3. HP: 18/18 MP: 4/4
  1079 | D:2      | Found a shimmering altar of Xom.
  1278 | D:2      | Reached skill level 6 in Stealth
  1322 | D:2      | Found a bloodstained altar of Trog.
  1511 | D:2      | Found an ancient bone altar of Kikubaaqudgha.
  1534 | D:2      | Reached XP level 4. HP: 23/23 MP: 5/5
  1719 | D:3      | Found a shadowy altar of Dithmenos.
  1802 | D:3      | Noticed a phantom
  1840 | D:3      | Killed a phantom
  1840 | D:3      | Reached skill level 7 in Stealth
  1840 | D:3      | Reached XP level 5. HP: 15/26 MP: 6/6
  1951 | D:3      | Found a burning altar of Makhleb.
  1951 | D:3      | Noticed an Executioner
  2134 | D:3      | Gained mutation: You heal very quickly. [Vine Stalker growth]
  2134 | D:3      | Reached XP level 6. HP: 11/32 MP: 4/7
  2195 | D:3      | Noticed Natasha
  2207 | D:3      | Killed Natasha
  2282 | D:3      | Noticed Natasha
  2288 | D:3      | Killed Natasha
  2588 | D:4      | Reached skill level 8 in Stealth
  2651 | D:4      | Got a smoking short sword
  2652 | D:4      | Identified the +6 short sword "Yhoisom" {drain, Stlth+} (You found it on level 4 of the Dungeon)
  2774 | D:4      | Reached XP level 7. HP: 26/35 MP: 8/8
  2915 | D:5      | Entered Level 5 of the Dungeon
  3059 | D:5      | Reached skill level 9 in Stealth
  3082 | D:5      | Got a tattered robe
  3093 | D:5      | Identified the +1 robe of Greed {MR+ Int+2} (You found it on level 5 of the Dungeon)
  3119 | D:5      | Found Soesm's Distillery.
  3167 | D:5      | Found a shattered altar of Ashenzari.
  3413 | D:5      | Gained mutation: You have razor-sharp teeth. [Vine Stalker growth]
  3413 | D:5      | Reached XP level 8. HP: 40/40 MP: 9/9
  3485 | D:5      | Bought a potion of invisibility for 112 gold pieces
  3645 | D:6      | Reached skill level 10 in Stealth
  3713 | D:6      | Found a sparkling altar of Nemelex Xobeh.
  3854 | D:6      | Found a glowing drain.
  3870 | Sewer    | Entered a sewer
  4028 | Sewer    | Found a white marble altar of Elyvilon.
  4242 | D:7      | Reached skill level 11 in Stealth
  4296 | D:7      | Found a sparkling altar of Nemelex Xobeh.
  4431 | D:7      | Reached skill level 12 in Stealth
  4431 | D:7      | Reached XP level 9. HP: 20/44 MP: 10/10
  4592 | D:7      | Found Etucuriwk's Antique Weapon Shop.
  5003 | D:4      | Found a staircase to the Ecumenical Temple.
  5009 | Temple   | Entered the Ecumenical Temple
  5025 | Temple   | Became a worshipper of Zin the Law-Giver
  5025 | Temple   | Reached * piety under Zin
  5170 | D:8      | HP: 1/45 [orc priest/divine providence (10)]
  5288 | D:8      | Reached skill level 13 in Stealth
  5497 | D:8      | Reached ** piety under Zin
  5576 | D:8      | Reached skill level 1 in Invocations
  5980 | D:8      | Reached XP level 10. HP: 47/51 MP: 10/12
  6295 | D:9      | Reached skill level 5 in Dodging
  6483 | D:9      | Reached skill level 5 in Short Blades
  6483 | D:9      | Reached skill level 1 in Shields
  6501 | D:9      | Reached skill level 5 in Fighting
  7002 | D:10     | Entered Level 10 of the Dungeon
  7011 | D:10     | Noticed Gastronok
  7016 | D:10     | Noticed axujen's ghost (novice MfIE)
  7330 | D:10     | Noticed an unseen horror
  7354 | D:10     | Killed an unseen horror
  7590 | D:10     | Reached XP level 11. HP: 46/56 MP: 13/15
  7727 | D:10     | Reached skill level 5 in Invocations
  7733 | D:10     | Noticed Sonja
  7821 | D:11     | Found a frozen archway.
  7871 | IceCv    | Entered an ice cave
  8278 | D:11     | Found a staircase to the Lair.
  8311 | D:11     | Found Kamomun's Weapon Shop.
  8313 | D:11     | Found a staircase to the Orcish Mines.
  8360 | D:11     | Found Unit's Armour Shop.
  8444 | D:11     | Reached *** piety under Zin
  8548 | D:11     | Noticed a hill giant
  8553 | D:11     | Killed a hill giant
  9312 | D:11     | Bought the cursed +1 robe of Impuxku {rElec rN++ SInv Stlth+} for 547 gold pieces
  9416 | D:12     | Noticed a hill giant
  9421 | D:12     | Found a white marble altar of Elyvilon.
  9423 | D:12     | Killed a hill giant
  9477 | D:12     | Gained mutation: You regenerate. [Vine Stalker growth]
  9477 | D:12     | Reached XP level 12. HP: 61/61 MP: 17/17
  9806 | D:12     | Noticed Maud
  9868 | D:12     | Killed Maud
 10187 | Lair:1   | Entered Level 1 of the Lair of Beasts
 10280 | Lair:1   | Reached **** piety under Zin
 10416 | Lair:1   | Reached skill level 1 in Evocations
 10780 | Lair:1   | Learned a level 3 spell: Mephitic Cloud
 10805 | Lair:1   | Noticed a four-headed hydra
 11179 | Lair:1   | Killed a four-headed hydra
 11687 | Lair:2   | Reached skill level 5 in Evocations
 12075 | Lair:2   | Got a pitted scale mail
 12087 | Lair:2   | Identified the +1 scale mail "Mocol" {rElec rF+ Str+4} (You found it on level 2 of the Lair of Beasts)
 12263 | Lair:3   | Got a jewelled battleaxe
 12264 | Lair:3   | Identified the +9 battleaxe of the Wasteland {flame, rF+ rN+} (You found it on level 3 of the Lair of Beasts)
 12382 | Lair:3   | Reached XP level 13. HP: 66/66 MP: 19/19
 13663 | Lair:4   | Reached skill level 1 in Air Magic
 13696 | Lair:4   | Reached skill level 1 in Conjurations
 13696 | Lair:4   | Reached skill level 1 in Poison Magic
 13811 | Lair:4   | Reached ***** piety under Zin
 14028 | Lair:4   | Identified 3 scrolls of acquirement
 14387 | Lair:5   | Found a staircase to the Snake Pit.
 15196 | Lair:6   | Found a staircase to the Swamp.
 15259 | Lair:6   | Reached XP level 14. HP: 70/70 MP: 21/21
 15357 | Lair:6   | Learned a level 2 spell: Cure Poison
 15363 | Lair:6   | Learned a level 5 spell: Venom Bolt
 16039 | Lair:7   | Reached skill level 14 in Stealth
 16225 | Lair:7   | Noticed Rupert
 16293 | Lair:7   | Noticed McCoppin's ghost (journeyman TrMo)
 16392 | Lair:7   | Killed McCoppin's ghost
 16758 | Lair:7   | Reached skill level 10 in Dodging
 17050 | Lair:7   | Paralysed by Rupert for 2 turns
 17124 | Lair:7   | Paralysed by Rupert for 4 turns
 17132 | Lair:7   | Killed Rupert
 17675 | Lair:8   | Entered Level 8 of the Lair of Beasts
 17699 | Lair:8   | Reached skill level 15 in Stealth
 17995 | Lair:8   | Got a thick robe
 18007 | Lair:8   | Identified the +4 robe "Kaall" {rElec Int+3 Dex+4} (You found it on level 8 of the Lair of Beasts)
 18470 | Lair:8   | Reached ****** piety under Zin
 18778 | Lair:8   | Got a faintly humming buckler
 18789 | Lair:8   | Identified the +3 buckler of the Depths {MP-9 Str+6} (You acquired it on level 8 of the Lair of Beasts)
 18850 | Lair:8   | Reached XP level 15. HP: 47/77 MP: 13/22
 19230 | Lair:8   | Reached skill level 16 in Stealth
 19797 | Snake:1  | Entered Level 1 of the Snake Pit
 19800 | Lair:5   | Reached XP level 16. HP: 81/84 MP: 14/23
 19815 | Lair:5   | Gained mutation: Your spells are a little easier to cast, but a little less powerful. [potion of mutation]
 19961 | Snake:1  | HP: 1/84 [shock serpent (10)]
 19961 | Snake:1  | Zin protects you from harm!
 20508 | Snake:1  | Learned a level 2 spell: Repel Missiles
 20752 | Snake:2  | Noticed Frances
 20764 | Snake:2  | Killed Frances
 20882 | Snake:2  | You fall through a shaft!
 20913 | Snake:3  | Noticed Vashnia
 21043 | Snake:2  | Reached skill level 17 in Stealth
 21597 | Snake:2  | You fall through a shaft!
 21612 | Snake:2  | Mangled by a sea snake

Vault maps used:
D:1:      dpeg_arrival_shelter
D:2:      lemuel_doored_altar, yredelemnul_altar_generic, xom_teletrap_fun,
          trog_butcher_becter
D:3:      makhleb_altar_promises_db, overflow_temple_1_default, uniq_natasha
D:4:      minmay_temple_entry_from_below_a, first_bread, grunt_decor_clamped,
          kennysheep_generic_room_4
D:5:      nicolae_overflow_crystal_walls, serial_shops, shop_statue
D:6:      portal_sewer_entry_d, nemelex_spade_bored_becter
D:7:      nemelex_xobeh_ov_fountains_minmay, serial_shops, kennysheep_mini,
          serial_glass, glass_columns_b, glass_columns_a, glass_columns_b,
          glass_columns_a, glass_columns_b, glass_columns_a, glass_columns_a,
          glass_columns_b, hex_large
D:9:      blue_anna_alchemist
D:10:     serial_co_window_serial, co_window_paths_b, co_window_corner_a,
          co_window_paths_a, co_window_paths_b, co_window_paths_b,
          co_window_corner_b, co_window_of_opportunity_b,
          co_window_of_opportunity_b, glass_columns_a, glass_columns_a,
          glass_columns_a, glass_columns_a, glass_columns_a, uniq_gastronok,
          uniq_sonja
D:11:     lair_0_dummy, orc_david_3, portal_ice_cave_entry_ice_beasts,
          kennysheep_generic_room_13
D:12:     elyvilon_altar_1, uniq_maud
Temple:   triangle_lava_temple_12
Lair:1:   beast_lair_carwin_7, bh_autumn_forest_stairs
Lair:2:   lemuel_fruit_tree
Lair:3:   wad_woods_antlair, grunt_megastairs_4
Lair:4:   zaba_anthole, grunt_megastairs_2
Lair:5:   minmay_snake_entry_six_corridors
Lair:6:   minmay_swamp_entry_reptiles, serial_bayou_shore_b
Lair:7:   minmay_slime_entry_oklob_open, infiniplex_staircase_pool_2,
          grunt_megastairs_3, uniq_rupert
Lair:8:   guppyfry_lair_end_dragon, hangedman_lair_tendril_chambers
Snake:2:  uniq_frances
Snake:3:  serial_bayou, serial_bayou_lagoon_b, serial_bayou_pond_e,
          serial_bayou_ford_a, serial_bayou_pond_c, uniq_vashnia
Sewer:    sewer_kobolds
IceCv:    ice_cave_caverns_03

Action                   |  1- 3 |  4- 6 |  7- 9 | 10-12 | 13-15 | 16-18 || total
-------------------------+-------+-------+-------+-------+-------+-------++-------
Melee: Dagger            |   100 |   119 |       |       |       |       ||   219
       Short sword       |       |     8 |   231 |   679 |   371 |       ||  1289
       Quick blade       |       |       |       |       |  1036 |   394 ||  1430
 Fire: Blowgun           |       |       |    20 |    19 |    54 |       ||    93
 Cast: Repel Missiles    |       |       |       |       |       |     3 ||     3
       Mephitic Cloud    |       |       |       |       |       |     1 ||     1
Invok: Vitalisation      |       |       |       |     4 |    10 |     8 ||    22
       Recite            |       |       |       |     2 |       |     4 ||     6
 Abil: Evoke Invisibilit |       |       |       |     4 |    15 |     3 ||    22
  Use: Scroll            |       |       |     3 |     7 |    13 |     3 ||    26
       Potion            |       |       |       |     9 |     1 |     9 ||    19
 Stab: Sleeping          |    12 |     9 |    41 |    64 |    88 |    14 ||   228
       Distracted        |     1 |       |     2 |       |     7 |     2 ||    12
       Invisible         |       |       |       |     3 |    58 |       ||    61
       Confused          |       |       |       |       |     1 |     3 ||     4
  Eat: Chunk             |     2 |     4 |     9 |    19 |    32 |     6 ||    72
       Beef jerky        |       |       |     1 |     2 |       |       ||     3
       Pizza             |       |       |       |       |       |     1 ||     1
